 Dungeon Crawl Stone Soup version 0.27.1-35-g4d5d836560 (webtiles) character file.

Game seed: 7133291260487005213

128 cbfl8 the Sneak (level 4, -9/60 HPs)
             Began as a Minotaur Delver on Apr 16, 2022.
             Mangled by Sigmund (11 damage)
             ... on level 3 of the Dungeon.
             The game lasted 00:09:06 (2445 turns).

cbfl8 the Sneak (Minotaur Delver)                   Turns: 2445, Time: 00:09:07

Health: -9/60      AC: 22    Str: 18    XL:     4   Next: 87%
Magic:  3/3        EV:  2    Int:  7    God:
Gold:   193        SH:  0    Dex: 11    Spells: 3/3 levels left

rFire    . . .     SeeInvis .   a - +0 falchion
rCold    . . .     Faith    .   (no shield)
rNeg     + + +     Spirit   .   (armour currently unavailable)
rPois    +         Reflect  .   (helmet currently unavailable)
rElec    .         Harm     .   (cloak currently unavailable)
rCorr    .         Rampage  .   (gloves currently unavailable)
Will     .....     NoTele   +   (boots currently unavailable)
Stlth    +++.......             k - amulet of magic regeneration
HPRegen  0.20/turn              m - ring of flight
MPRegen  0.33/turn              (no ring)

@: tree-form, attractive
A: stationary, stasis, torment immunity, boosted hp, (horns 2), (retaliatory
headbutt)
a: no special abilities


You were on level 3 of the Dungeon.
You were a tree.
You visited 1 branch of the dungeon, and saw 5 of its levels.

You collected 193 gold pieces.

Inventory:

Hand Weapons
 a - a +0 falchion (weapon)
Armour
 b - a +0 leather armour
 n - a +0 ring mail
 p - a +0 plate armour (melded)
Jewellery
 k - an amulet of magic regeneration (around neck)
 m - a ring of flight (left branch)
Wands
 g - a wand of digging (3)
Scrolls
 c - a scroll of fog
 e - a scroll of fear
 h - a scroll of amnesia {unknown}
 i - 2 scrolls of immolation {unknown}
 l - a scroll of teleportation {unknown}
 o - a scroll of vulnerability {unknown}
Potions
 d - 2 potions of attraction
 f - 4 potions of haste
 j - a potion of lignification


   Skills:
 + Level 4.1 Fighting
 + Level 3.3 Long Blades
 + Level 1.5 Armour
 + Level 2.6 Dodging
 + Level 5.2 Stealth


You had 3 spell levels left.
You didn't know any spells.
Your spell library was empty.

Dungeon Overview and Level Annotations

Branches:
Dungeon (5/15)
 Temple: D:4-7

Altars:
Elyvilon
Okawaru

Shops:
D:3 *

Annotations:
D:3 Sigmund


Innate Abilities, Weirdness & Mutations

You are a tree.
Your roots penetrate the ground, keeping you stationary.
You cannot be teleported.
You are immune to unholy pain and torment.
Your maximum health is greatly increased.
Your equipment is partially melded.
((You have a pair of horns on your head.))
((You reflexively headbutt those who attack you in melee.))


Message History

Your plate armour prevents you from hitting Sigmund.
You headbutt Sigmund, but do no damage.
Sigmund hits you with a +2 scythe of protection.
You closely miss Sigmund. Your headbutt misses Sigmund.
Sigmund barely misses you.
You riposte.
Your plate armour prevents you from hitting Sigmund.
You hit Sigmund but do no damage. Sigmund hits you but does no damage.
You hit Sigmund but do no damage. You closely miss Sigmund.
Sigmund hits you with a +2 scythe of protection!
You completely miss Sigmund.
Sigmund hits you with a +2 scythe of protection!
You hit Sigmund.
Sigmund is lightly wounded.
Sigmund casts a spell.
Sigmund flickers and vanishes!
Deactivating autopickup; reactivate with Ctrl-A.
You closely miss something. You headbutt something.
Something hits you but does no damage.
You miss something. Something hits you!
* * * LOW HITPOINT WARNING * * *
It was a potion of attraction.
You feel attractive to monsters.
It was a potion of lignification.
You turn into a tree.
Your +0 plate armour melds into your body.
Your roots penetrate the ground.
Something hits you but does no damage.
It was a potion of curing.
You feel better. Something hits you!
* * * LOW HITPOINT WARNING * * *
You cannot move.
You cannot move.
You cannot move.
You barely miss something. You closely miss something. Something hits you!
* * * LOW HITPOINT WARNING * * *
You can't see any enemies this would affect, really read the scroll of fear?
Okay, then.
Okay, then.
You cannot move.
You barely miss something. Something hits you!
You die...

#################
#...............#
#>#############.#
.# #######.# #.#
.# #....{♣.# #.#
### .## #.#######
#.# #.. ..# ##.#
#.# ..#### ###...
#.###...... #.#
#...#. .......#
#.# #.#...
.....### #.#
#.##.#
#.##.#####..# #.#
#.##.#
............# #.#
.##.#


There were no monsters in sight!

Vanquished Creatures
  A bullfrog skeleton (D:5)
  Jessica (D:2)
  3 adders
  A shadow imp (D:5)
  2 dart slugs (D:1)
  An orc (D:3)
  3 endoplasms
  3 giant cockroaches
  3 goblins
  4 hobgoblins
  2 jackals (D:1)
  2 quokkas
  A ball python (D:3)
  A bat (D:2)
  2 frilled lizards (D:1)
  5 kobolds (D:3)
  2 rats
37 creatures vanquished.

Notes
Turn   | Place    | Note
-------+----------+-------------------------------------------
     0 | D:5      | cbfl8 the Minotaur Delver began the quest for the Orb.
     0 | D:5      | Reached XP level 1. HP: 19/19 MP: 0/0
    79 | D:5      | Reached XP level 2. HP: 11/27 MP: 1/1
    79 | D:5      | Reached XP level 3. HP: 14/33 MP: 2/2
   368 | D:5      | Found a white marble altar of Elyvilon.
   492 | D:3      | Found Ruklu's Assorted Antiques.
   508 | D:3      | Found an iron altar of Okawaru.
   580 | D:2      | Reached skill level 5 in Stealth
   649 | D:2      | Noticed Jessica
   727 | D:2      | You fall into a shaft and drop 1 floor!
   957 | D:1      | Reached XP level 4. HP: 40/40 MP: 3/3
  1536 | D:2      | Killed Jessica
  1537 | D:2      | Reached skill level 1 in Armour
  2427 | D:3      | Noticed Sigmund
  2444 | D:3      | HP: 2/60 [something (10)]
  2445 | D:3      | Mangled by Sigmund

Illustrated notes

Levels and vault maps discovered:
D:1:      minmay_arrival_loop, layout_rooms
D:2:      layout_rooms, uniq_jessica
D:3:      layout_loops_ring, okawaru_metal_pillars_3, serial_shops,
          nicolae_shop_crystal, kennysheep_generic_room_12, uniq_sigmund
D:4:      layout_rooms, gammafunk_ghost_abyssal_escape,
          chequers_serial_rivers_micro_b
D:5:      layout_loops_cross, elyvilon_altar_5, abandoned_shop

Skill      XL: |  1  2  3  4 |
---------------+-------------+-----
Stealth        | 5 |  5.2
Fighting       | 4 |  4.1
Long Blades    | 3 |  3.3
Armour         | 1 |  1.5
Dodging        | |  2.6

Action                   |  1- 3 |  4- 6 || total
-------------------------+-------+-------++-------
Melee: Falchion          |    37 |    56 ||    93
       Headbutt          |    11 |     6 ||    17
  Use: Scroll            |     1 |       ||     1
       Potion            |       |     3 ||     3
 Stab: Sleeping          |     4 |     5 ||     9
Armor: Leather armour    |     7 |     1 ||     8
       Plate armour      |       |    15 ||    15
       Ring mail         |       |     2 ||     2
       Skin              |       |     1 ||     1
Dodge: Dodged            |    29 |    23 ||    52
       Rpst.: Falchion   |     6 |     6 ||    12
